 Dungeon Crawl Stone Soup version 0.27.0-1-g7a089689b8 (webtiles) character file.

Game seed: 484858161169119912

198 mhtbhm the Chopper (level 5, -2/47 HPs)
             Began as a Minotaur Berserker on Aug 5, 2021.
             Was a Believer of Trog.
             Slain by a worm (7 damage)
             ... on level 3 of the Dungeon.
             The game lasted 00:03:36 (2419 turns).

mhtbhm the Chopper (Minotaur Berserker)             Turns: 2419, Time: 00:03:37

Health: -2/47      AC:  3    Str: 23    XL:     5   Next: 47%
Magic:  4/4        EV: 11    Int:  4    God:    Trog [**....]
Gold:   95         SH:  5    Dex:  9    Spells: 4/4 levels left

rFire    . . .     SeeInvis .   a - +1 hand axe
rCold    . . .     Faith    .   e - +2 buckler
rNeg     . . .     Spirit   .   b - +0 animal skin
rPois    .         Reflect  .   (helmet restricted)
rElec    .         Harm     .   (no cloak)
rCorr    .         Rampage  .   (no gloves)
Will     .....                  d - +0 pair of boots
Stlth    +.........             (no amulet)
HPRegen  0.15/turn              (no ring)
MPRegen  0.09/turn              (no ring)

@: on berserk cooldown, slowed, very slow
A: horns 2, retaliatory headbutt
a: Renounce Religion, Berserk, Trog's Hand


You were on level 3 of the Dungeon.
You worshipped Trog.
Trog was pleased with you.
You visited 1 branch of the dungeon, and saw 3 of its levels.

You collected 95 gold pieces.

Inventory:

Hand Weapons
 a - a +1 hand axe (weapon)
Armour
 b - a +0 animal skin (worn)
 d - a +0 pair of boots (worn)
 e - a +2 buckler (worn)
Potions
 c - a potion of haste


   Skills:
 + Level 4.7 Fighting
 + Level 5.9 Axes
 + Level 2.6 Armour
 + Level 3.3 Dodging
 + Level 0.6 Stealth
 + Level 0.6 Shields


You had 4 spell levels left.
You didn't know any spells.
Your spell library was empty.

Dungeon Overview and Level Annotations

Branches:
Dungeon (3/15)

Altars:


Innate Abilities, Weirdness & Mutations

You have a pair of horns on your head.
You reflexively headbutt those who attack you in melee.


Message History

g - Guard the area. f - Follow me.
Anything else - Cancel.
You shout for attention!
You hear an angry hiss.
A red film seems to cover your vision as you go berserk!
You feel yourself moving faster!
You feel mighty! You block the goblin's attack.
You slash the goblin!
You kill the goblin!
Trog accepts your kill.
The goblin unwields a +0 club.
The goblin wields a +0 hunting sling.
The goblin shoots a stone.
The stone hits you.
* * * LOW HITPOINT WARNING * * *
Things that are here:
a +0 dagger; a goblin corpse Your shield prevents you from hitting the goblin.
The goblin unwields a +0 hunting sling.
The goblin wields a +0 club.
The goblin hits you with a +0 club.
* * * LOW HITPOINT WARNING * * *
You closely miss the goblin. You headbutt the goblin.
You feel the power of Trog in you as your rage grows.
You kill the goblin!
Trog accepts your kill.
Items here: ( )) †.
You feel a strong urge to attack something.
Things that are here:
a +0 dagger; a goblin corpse A rat comes into view.
Items here: ( )) †.
You feel your anger nearly subside.
You are no longer berserk.
You are exhausted.
You feel yourself slow down. You block the rat's attack.
The rat bites you but does no damage.
You hit the rat.
You kill the rat!
Trog accepts your kill.
A worm comes into view.
You hit the worm. Your headbutt misses the worm.
The worm is lightly wounded.
The worm bites you!
You die...

#######........#.#
#.....##.#.....#..
#..#..##.#.....#..#
#..#..##.########.#
#..#..#....).......
##)##.####....###..
#).#..# #....#
#..#..###....#
#@.#..#......#
#..w..#)...######
############


You could see a worm.

Vanquished Creatures
  2 iguanas (D:3)
  4 gnolls
  2 adders (D:2)
  An ufetubus (D:3)
  A worm (D:3)
  6 dart slugs
  3 ball pythons
  3 bats
  4 endoplasms
  A giant cockroach (D:1)
  10 goblins
  9 hobgoblins
  12 kobolds
  3 quokkas
  4 frilled lizards
  3 rats
68 creatures vanquished.

Notes
Turn   | Place    | Note
-------+----------+-------------------------------------------
     0 | D:1      | mhtbhm the Minotaur Berserker began the quest for the Orb.
     0 | D:1      | Reached XP level 1. HP: 19/19 MP: 0/0
   154 | D:1      | Reached skill level 4 in Axes
   154 | D:1      | Reached XP level 2. HP: 19/27 MP: 1/1
   637 | D:1      | Reached XP level 3. HP: 32/33 MP: 2/2
  1269 | D:2      | Reached ** piety under Trog
  1410 | D:2      | Found a faded altar of an unknown god.
  1443 | D:2      | Reached skill level 5 in Axes
  1443 | D:2      | Reached XP level 4. HP: 28/41 MP: 3/3
  2214 | D:3      | Reached XP level 5. HP: 30/47 MP: 4/4
  2365 | D:3      | HP: 1/47 [ufetubus (3)]
  2419 | D:3      | Slain by a worm

Illustrated notes

Levels and vault maps discovered:
D:1:      dpeg_arrival_round_c, layout_rooms, st_stairs_7,
          hangedman_abyss_or_decor_lesser_grid
D:2:      layout_rooms, ebering_ecumenical_altar_rust
D:3:      minmay_angry_zag, layout_basic, elyvilon_altar_1,
          portal_sewer_entry_e, minmay_divided_ellipse

Skill      XL: |  1  2  3  4 |
---------------+-------------+-----
Axes           | 4 5 |  5.9
Fighting       | 4 |  4.7
Dodging        | 3 |  3.3
Armour         | |  2.6
Stealth        | |  0.6
Shields        | |  0.6

Action                   |  1- 3 |  4- 6 || total
-------------------------+-------+-------++-------
Melee: Hand axe          |    79 |    68 ||   147
       Headbutt          |    11 |    12 ||    23
Invok: Berserk           |     1 |     3 ||     4
  Use: Scroll            |       |     4 ||     4
       Potion            |       |     1 ||     1
 Stab: Sleeping          |     1 |       ||     1
Armor: Animal skin       |    14 |     7 ||    21
Dodge: Dodged            |    49 |    41 ||    90
Block: Buckler           |       |    17 ||    17
